 Dungeon Crawl Stone Soup version 0.31-a0-1237-gabc64e778c (webtiles) character file.

Game seed: 18324547140699440311

15991 Turgor the Mimic (level 11, -17/160 HPs)
             Began as a Troll Shapeshifter on Dec 14, 2023.
             Was a High Priest of Ru.
             Demolished by a death yak (19 damage)
             ... in an ice cave on Dec 15, 2023.
             The game lasted 00:52:32 (10606 turns).

Turgor the Mimic (Troll Shapeshifter)              Turns: 10606, Time: 00:52:33

Health: -17/160    AC:  8    Str: 24    XL:     11   Next: 6%
Magic:  10/10      EV: 12    Int:  6    God:    Ru [*****.]
Gold:   279        SH:  0    Dex: 13    Spells: 10/10 levels left

rFire   x x          .
                       - Unarmed
rCold   . . .        (shield currently unavailable)
rNeg    . . .        a - +0 animal skin
rPois   .            q - +1 hat
rElec   +            F - +0 cloak
rCorr   .            (gloves unavailable)
SInv    .            (boots unavailable)
Will    .....        U - amulet "Plog" {Acrobat rElec} Stlth
                     J - ring of ice
HPRegen 1.26/turn    L - +4 ring of protection
MPRegen 0.12/turn

%: acrobat
@: berserking, blade hands, very quick
A: large, unfitting armour, (claws 3), regeneration 1, shaggy fur 1, tough skin
1, no stealth, inability to train armour, inexperienced 1, temperature sensitive
a: Begin Untransformation, Renounce Religion, Draw Out Power, Power Leap,
Apocalypse


You were in an ice cave.
You worshipped Ru.
Ru was extremely pleased with you.
You had blades for hands.
You visited 3 branches of the dungeon, and saw 14 of its levels.
You also visited: Sewer and Ice Cave.

You collected 963 gold pieces.
You spent 684 gold pieces at shops.

Inventory:

Hand Weapons
 t - the +0 short sword of Dung {protect, rElec rC+ Dex+3}
   (You found it on level 2 of the Dungeon)

   Dex+3:     It affects your dexterity (+3).
   rC+:       It protects you from cold.
   rElec:     It insulates you from electricity.
Missiles
 i - 30 poisoned darts
 V - a throwing net
Armour
 a - a +0 animal skin (worn)
 q - a +1 hat (worn)
 F - a +0 cloak (worn)
Jewellery
 G - a +6 ring of strength
 J - a ring of ice (left blade hand)
 L - a +4 ring of protection (right blade hand)
 U - the amulet "Plog" (around neck) {Acrobat rElec}
   (You found it on level 12 of the Dungeon)

   [amulet of the acrobat]

   Acrobat:   It increases your evasion while moving and waiting.
   rElec:     It insulates you from electricity.
Talismans
 c - a beast talisman
 d - a flux talisman
 R - a serpent talisman
 T - a blade talisman (active)
Wands
 j - a wand of paralysis (8)
 A - a wand of flame (29)
 I - a wand of mindburst (8)
Scrolls
 f - a scroll of silence
 h - 5 scrolls of immolation
 l - 2 scrolls of fog
 n - 7 scrolls of teleportation
 o - 2 scrolls of brand weapon
 r - 7 scrolls of identify
 s - 2 scrolls of summoning
 y - 3 scrolls of noise
 B - a scroll of vulnerability
 D - 2 scrolls of blinking
 E - a scroll of revelation
 K - 2 scrolls of fear
 N - 4 scrolls of amnesia
 P - 2 scrolls of enchant weapon
 S - a scroll of enchant armour
Potions
 b - a potion of lignification
 e - 3 potions of brilliance
 g - 5 potions of attraction
 p - 9 potions of curing
 u - 2 potions of mutation
 w - 4 potions of enlightenment
 x - a potion of haste
 z - a potion of resistance
 C - 2 potions of ambrosia
 H - 4 potions of cancellation


   Skills:
 + Level 6.9 Fighting
 + Level 7.1 Dodging
 + Level 11.0 Unarmed Combat
 + Level 11.7 Shapeshifting


You had 10 spell levels left.
You didn't know any spells.
Your spell library contained the following spells:

 Spells                   Type           Power      Damage    Failure   Level
 Apportation              Tloc           0%         N/A       45%         1
 Magic Dart               Conj           0%         1d3       45%         1
 Necrotise                Necr           0%         1d4       45%         1
 Summon Small Mammal      Summ           0%         N/A       45%         1
 Blink                    Tloc           0%         N/A       58%         2
 Call Imp                 Summ           0%         N/A       58%         2
 Hailstorm                Conj/Ice       0%         3d5       83%         3
 Mephitic Cloud           Conj/Pois/Air  0%         N/A       83%         3
 Stone Arrow              Conj/Erth      0%         3d7       83%         3
 Animate Armour           Summ/Erth      0%         N/A       99%         4
 Manifold Assault         Tloc           0%         N/A       99%         4
 Summon Ice Beast         Ice/Summ       0%         N/A       99%         4
 Dispersal                Tloc           0%         N/A       100%        6
 Simulacrum               Ice/Necr       0%         N/A       100%        6
 Disjunction              Tloc           0%         N/A       100%        8
 Lehudib's Crystal Spear  Conj/Erth      0%         10d2      100%        8


Dungeon Overview and Level Annotations

Branches:
Dungeon (12/15)            Temple (1/1) D:4            Lair (1/5) D:11
    Orc (0/2) D:11          Sewer (visited)           IceCv (1/1)

Altars:
Ashenzari
Cheibriados
Dithmenos
Elyvilon
Fedhas
Gozag
Hepliaklqana
Kikubaaqudgha
Makhleb
Nemelex Xobeh
Okawaru
Qazlal
Ru
Sif Muna
Trog
Uskayaw
Vehumet
Wu Jian
Xom
Yredelemnul
Zin
The Shining One

Shops:
D:2 [   D:4 (   D:8 (   D:9 !   D:10 ([?(


Innate Abilities, Weirdness & Mutations

You have blades for hands.
You are incapable of wielding weapons or throwing items.
You are too large for most types of armour.
((You have claws for hands.))
Your natural rate of healing is unusually fast.
You are covered in fur. (AC +1)
You have tough skin. (AC +1)
You cannot be stealthy.
You cannot train Armour skill.
You are somewhat inexperienced. (-1 XL)
You are sensitive to extremes of temperature. (rF-, rC-)


Message History

You shred the death yak!!!
The death yak is almost dead.
The death yak gores you.
You slash the death yak!
The death yak is almost dead.
You slice the death yak!!
You kill the death yak!
Your Unarmed Combat skill increases to level 11!
You hit the death yak but do no damage. The death yak gores you.
You slash the death yak!
The death yak is lightly wounded.
The death yak misses you. x2
You hit the death yak. You slash the death yak!
The death yak is moderately wounded.
The death yak is stunned by your conviction and fails to attack.
The death yak gores you.
You barely miss the death yak. You slash the death yak!
The death yak is heavily wounded.
The death yak barely misses you. The death yak gores you!!
You hit the death yak but do no damage.
The death yak is heavily wounded.
The death yak gores you!
You slice the death yak!!
The death yak is severely wounded.
The death yak gores you but does no damage.
You hit the death yak but do no damage.
The death yak is severely wounded.
You redirect the death yak's attack!
The death yak gores itself but does no damage.
The death yak closely misses you.
You hit the death yak but do no damage.
The death yak is severely wounded.
The death yak is stunned by your conviction and fails to attack.
The death yak gores you!!
* * * LOW HITPOINT WARNING * * *
A red film seems to cover your vision as you go berserk!
You feel yourself moving faster!
You feel mighty! The death yak gores you!!
* * * LOW HITPOINT WARNING * * *
The death yak gores you!!
You die...

#####
#####...##
##∩.......#
#......#..#
#YY..###†.#
#@#.###..##
#######Y..#
##.##
##..##
#...###Y.##
##......##
#.Y#....#
#..###.##
#.## ###
#Y.#


You could see 2 death yaks.

Vanquished Creatures
  4 two-headed ogres
  A death yak (IceCv)
  A boulder beetle (D:11)
  Pikel (D:4)
  A deep elf pyromancer (D:12)
  An oklob plant (D:11)
  A manticore (D:11)
  2 cyclopes
  Joseph (D:7)
  A smoke demon (D:10)
  3 unseen horrors
  4 trolls
  2 polar bears (IceCv)
  Grinder (D:4)
  3 slime creatures (D:12)
  Eustachio (D:4)
  2 vampires
  3 wraiths
  A shadow (D:9)
  A wyvern (D:11)
  A yak (IceCv)
  5 vampire mosquitoes
  Menkaure (D:5)
  3 steam dragons
  Edmund (D:5)
  Duvessa (D:5)
  12 orc warriors
  A water moccasin (D:8)
  2 crocodiles (Sewer)
  7 centaurs
  2 wolves (IceCv)
  3 kobold brigands
  A phantom (D:5)
  6 bullfrogs
  A scorpion (D:6)
  3 wights (D:8)
  Dowan (D:5)
  6 killer bees (D:11)
  4 howler monkeys
  An electric eel (D:9)
  A jelly (D:3)
  An iron imp (D:7)
  3 hounds
  6 orc priests
  A sleepcap (D:7)
  3 iguanas
  Ijyb (D:5)
  12 orc wizards
  A sickly merfolk siren (Sewer)
  A malarious merfolk avatar (Sewer)
  Robin (D:3)
  A gnoll (D:5)
  A river rat (Sewer)
  10 adders
  A shadow imp (D:8)
  2 white imps
  2 worms
  3 dart slugs
  50 orcs
  8 ball pythons
  4 endoplasms
  2 giant cockroaches
  15 goblins
  9 hobgoblins
  11 jackals
  7 bats
  7 frilled lizards
  26 kobolds
  6 rats
293 creatures vanquished.

Vanquished Creatures (others)
  An orc (D:11)
  A kobold (D:9)
2 creatures vanquished.

Grand Total: 295 creatures vanquished

Notes
Turn   | Place    | Note
-------+----------+-------------------------------------------
     0 | D:1      | Turgor the Troll Shapeshifter began the quest for the Orb.
     0 | D:1      | Reached XP level 1. HP: 18/18 MP: 0/0
    58 | D:1      | Reached XP level 2. HP: 26/26 MP: 1/1
   349 | D:1      | Found a faded altar of an unknown god.
   664 | D:2      | Reached XP level 3. HP: 32/32 MP: 2/2
   932 | D:2      | Reached XP level 4. HP: 38/40 MP: 3/3
  1146 | D:2      | Identified the +0 short sword of Dung {protect, rElec rC+
                  | Dex+3}
  1180 | D:2      | Found Jueruz's Antique Armour Emporium.
  1647 | D:3      | Reached XP level 5. HP: 46/46 MP: 4/4
  1877 | D:3      | Noticed Robin
  2114 | D:3      | Killed Robin
  2236 | D:4      | Found a glowing drain.
  2245 | Sewer    | Entered a sewer
  2319 | Sewer    | Reached skill level 5 in Shapeshifting
  2399 | Sewer    | Noticed a crocodile
  2410 | Sewer    | Killed a crocodile
  2411 | Sewer    | Reached XP level 6. HP: 54/54 MP: 5/5
  2546 | Sewer    | Reached skill level 5 in Unarmed Combat
  2697 | D:4      | Found Qagheel's Weapon Shoppe.
  2742 | D:4      | Noticed Eustachio
  2785 | D:4      | Killed Eustachio
  2786 | D:4      | Reached XP level 7. HP: 61/61 MP: 6/6
  2914 | D:4      | Noticed Pikel
  2916 | D:4      | Noticed Grinder
  2916 | D:4      | Paralysed by Pikel for 4 turns
  2927 | D:4      | Paralysed by Pikel for 3 turns
  2946 | D:4      | Killed Pikel
  2947 | D:4      | Reached XP level 8. HP: 22/68 MP: 7/7
  3008 | D:4      | Found a radiant altar of Vehumet.
  3012 | D:4      | Killed Grinder
  3146 | D:4      | Found a staircase to the Ecumenical Temple.
  3159 | Temple   | Entered the Ecumenical Temple
  3164 | Temple   | Became a worshipper of Ru the Awakened
  3438 | D:5      | Entered Level 5 of the Dungeon
  3535 | D:5      | Noticed Dowan
  3538 | D:5      | Noticed Duvessa
  3540 | D:5      | Killed Dowan
  3547 | D:5      | Killed Duvessa
  3682 | D:5      | Noticed Ijyb
  3691 | D:5      | Killed Ijyb
  3811 | D:5      | Noticed Edmund
  3823 | D:5      | Killed Edmund
  3841 | D:5      | Found a hide-covered altar of Uskayaw.
  3984 | D:5      | Reached skill level 1 in Fighting
  4008 | D:5      | Noticed Menkaure
  4019 | D:5      | Killed Menkaure
  4308 | D:6      | Gained mutation: You are somewhat inexperienced. (-1 XL)
                  | [Ru sacrifice]
  4308 | D:6      | Reached XP level 7. HP: 62/62 MP: 6/6
  4308 | D:6      | Reached * piety under Ru
  4357 | D:6      | Reached XP level 8. HP: 70/70 MP: 7/7
  5065 | D:7      | Noticed Joseph
  5077 | D:7      | Killed Joseph
  5354 | D:7      | Found a snail-covered altar of Cheibriados.
  5450 | D:7      | Found a broken altar of Ashenzari.
  5450 | D:7      | Found a shimmering blue altar of Sif Muna.
  5929 | D:8      | Gained mutation: You cannot train Armour skill. [Ru
                  | sacrifice]
  5929 | D:8      | Reached ** piety under Ru
  5929 | D:8      | Reached *** piety under Ru
  6051 | D:8      | Found Epsorof's Antique Weapon Boutique.
  6240 | D:8      | Reached XP level 9. HP: 84/84 MP: 8/8
  6610 | D:9      | Noticed a two-headed ogre
  6699 | D:9      | Reached skill level 10 in Shapeshifting
  6717 | D:9      | Identified the +10 scimitar of Friendship {flame, rC+}
  6772 | D:9      | Killed a two-headed ogre
  6871 | D:9      | Found a shadowy altar of Dithmenos.
  7173 | D:9      | Reached skill level 5 in Dodging
  7299 | D:9      | Found Uxyphom's Distillery.
  7306 | D:9      | Bought a potion of degeneration for 17 gold pieces
  7307 | D:9      | Bought 2 potions of cancellation for 272 gold pieces
  7307 | D:9      | Bought a potion of ambrosia for 136 gold pieces
  7447 | D:10     | Entered Level 10 of the Dungeon
  7447 | D:10     | Found Pakh's Antique Weapon Shop.
  7643 | D:10     | Found Axzo's Armour Shop.
  7716 | D:10     | Found Icuikeh's Magic Scroll Shop.
  7724 | D:10     | Bought a scroll of enchant weapon for 105 gold pieces
  7724 | D:10     | Bought a scroll of amnesia for 56 gold pieces
  7725 | D:10     | Bought a scroll of identify for 28 gold pieces
  7725 | D:10     | Bought a scroll of identify for 28 gold pieces
  7727 | D:10     | Bought a scroll of teleportation for 42 gold pieces
  7774 | D:10     | Reached skill level 5 in Fighting
  7785 | D:10     | Gained mutation: You are sensitive to extremes of
                  | temperature. (rF-, rC-) [Ru sacrifice]
  7785 | D:10     | Reached **** piety under Ru
  7785 | D:10     | Reached ***** piety under Ru
  7825 | D:10     | Found Beukk's Weapon Boutique.
  8130 | D:10     | Noticed a smoke demon
  8148 | D:10     | Killed a smoke demon
  8179 | D:10     | Found a burning altar of Makhleb.
  8263 | D:10     | Noticed a two-headed ogre
  8272 | D:10     | Killed a two-headed ogre
  8436 | D:11     | Noticed a manticore
  8457 | D:11     | Killed a manticore
  8458 | D:11     | Reached XP level 10. HP: 90/96 MP: 9/9
  8592 | D:11     | Noticed an oklob plant
  8594 | D:11     | Found a staircase to the Lair.
  8820 | D:11     | Noticed a two-headed ogre
  8829 | D:11     | Killed a two-headed ogre
  8830 | D:11     | Reached skill level 10 in Unarmed Combat
  8940 | D:11     | Noticed a two-headed ogre
  8941 | D:11     | Noticed a boulder beetle
  8960 | D:11     | Killed a two-headed ogre
  8982 | D:11     | Killed a boulder beetle
  9563 | D:11     | Found a staircase to the Orcish Mines.
  9692 | D:11     | Killed an oklob plant
  9747 | D:12     | Identified the amulet "Plog" {Acrobat rElec}
 10220 | D:12     | Noticed a deep elf pyromancer
 10237 | D:12     | Killed a deep elf pyromancer
 10376 | D:12     | Gained mutation: You cannot be stealthy. [Ru sacrifice]
 10434 | D:11     | Upgraded the game from 0.31-a0-1225-g50297eb6a4 to
                  | 0.31-a0-1237-gabc64e778c
 10478 | Lair:1   | Entered Level 1 of the Lair of Beasts
 10510 | Lair:1   | Found a frozen archway.
 10521 | IceCv    | Entered an ice cave
 10547 | IceCv    | Reached XP level 11. HP: 101/107 MP: 10/10
 10571 | IceCv    | Noticed a death yak
 10571 | IceCv    | Noticed a death yak
 10572 | IceCv    | Noticed a death yak
 10597 | IceCv    | Killed a death yak
 10606 | IceCv    | HP: 2/160 [death yak (22)]
 10606 | IceCv    | Demolished by a death yak

Illustrated notes

Levels and vault maps discovered:
D:1:      minmay_arrival_cross, layout_loops_cross,
          hellmonk_ecumenical_altar_run_dry, kennysheep_boxes
D:2:      layout_loops_cross, serial_shops, shop, minmay_crystal_room
D:3:      layout_loops_ring, uniq_robin
D:4:      layout_basic, mainiacjoe_overflow_alcove_1,
          minmay_temple_entry_nine_rooms, serial_shops, nicolae_shop_crystal,
          portal_sewer_entry_d, uniq_eustachio, uniq_pikel, uniq_grinder
D:5:      layout_basic, eat_drink_and_be_merry_uskayaw,
          kennysheep_generic_room_10, uniq_ijyb, uniq_edmund, uniq_menkaure,
          uniq_duvessa
D:6:      nicolae_BIG_FREAKIN_CUBE, layout_gridville
D:7:      layout_rooms, amethyst_overflow_temple_binary, slow_altar_1,
          uniq_joseph
D:8:      layout_basic, serial_shops, nicolae_take_the_stairs
D:9:      layout_rooms, nicolae_dithmenos_the_darkroom, serial_shops, shop,
          serial_bayou, serial_bayou_pond_e, serial_bayou_ford_a,
          serial_bayou_pond_b, serial_bayou_lagoon_a, lightli_church_of_beogh
D:10:     layout_basic, demons_altar, serial_shops, nicolae_shop_stone, shop,
          shop, nicolae_shop_advertising_works [nicolae_subvault_shop_adworks]
D:11:     layout_roguey, dpeg_oklobed_lair, david_orc_4,
          kennysheep_generic_room_16
D:12:     layout_roguey, nicolae_letterblocks [nicolae_letter_subblock,
          nicolae_letter_subblock, nicolae_letter_subblock,
          nicolae_letter_subblock, nicolae_letter_subblock,
          nicolae_letter_subblock, nicolae_letter_subblock,
          nicolae_letter_subblock, nicolae_letter_subblock,
          nicolae_letter_subblock, nicolae_letter_subblock,
          nicolae_letter_subblock, nicolae_letter_subblock,
          nicolae_letter_subblock, nicolae_letter_subblock,
          nicolae_letter_subblock, nicolae_letter_subblock,
          nicolae_letter_subblock, nicolae_letter_subblock,
          nicolae_letter_subblock, nicolae_letter_subblock,
          nicolae_letter_subblock, nicolae_letter_subblock,
          nicolae_letter_subblock, nicolae_letter_subblock]
Temple:   hellmonk_temple_of_storms
Lair:1:   layout_hall_layers, portal_ice_cave_entry_pillars_1,
          lemuel_fruit_tree, grunt_megastairs_1
IceCv:    ice_cave_caverns_03

Skill      XL: |  1  2  3  4  5  6  7  8  9 10 11 |
---------------+----------------------------------+-----
Shapeshifting  | 4 5 6 7 9 10 11 | 11.7
Unarmed Combat | 4 5 6 8 9 10 11 | 11.0
Fighting       | 3 5 6 |  6.9
Dodging        | 4 5 7 |  7.1

Action                     |  1- 3 |  4- 6 |  7- 9 | 10-12 || total
---------------------------+-------+-------+-------+-------++-------
  Melee: Unarmed           |    63 |   156 |   435 |   202 ||   856
         Punch             |       |     4 |     1 |    14 ||    19
         Constrict         |       |       |     6 |     1 ||     7
   Fire: Sling             |       |     1 |       |       ||     1
  Throw: Dart              |       |     4 |     2 |       ||     6
         Throwing net      |       |       |     1 |       ||     1
 Invoke: Sacrifice Experie |       |       |     1 |       ||     1
         Sacrifice Durabil |       |       |     1 |       ||     1
         Sacrifice Resista |       |       |     1 |       ||     1
         Sacrifice Stealth |       |       |       |     1 ||     1
  Evoke: Wand              |       |       |     8 |     7 ||    15
    Use: Scroll            |     1 |     6 |    14 |     3 ||    24
         Potion            |       |     1 |     2 |     2 ||     5
   Stab: Paralysed         |       |       |     4 |     1 ||     5
         Invisible         |       |       |     2 |     1 ||     3
         Distracted        |       |       |     1 |       ||     1
 Armour: Animal skin       |    42 |    80 |    16 |    85 ||   223
         Skin              |       |    10 |   200 |    41 ||   251
  Dodge: Dodged            |    21 |    50 |   238 |    83 ||   392
   Form: Flux              |       |       |     2 |     1 ||     3
                           |       |       |     1 |       ||     1
         Serpent           |       |       |     1 |       ||     1
         Blade             |       |       |       |     1 ||     1

Table legend: (Time is in decaauts)
 A = Elapsed time spent in this place.
 B = Non-inter-level travel time spent in this place.
 C = Inter-level travel time spent in this place.
 D = Time resting spent in this place.
 E = Time spent auto-exploring this place.
 F = Levels seen in this place.
 G = Mean time per level.
                   A        B        C        D        E       F      G
               +--------+--------+--------+--------+--------+-----+--------+
         Total |  10493 |   9912 |    581 |    342 |   7191 |  16 |  655.8 |
       Dungeon |   9982 |   9405 |    577 |    268 |   7114 |  12 |  831.8 |
        Temple |     10 |      6 |      4 |      0 |      0 |   1 |   10.0 |
          Lair |     40 |     40 |      0 |      0 |      0 |   1 |   40.0 |
         Sewer |    380 |    380 |      0 |     74 |     77 |   1 |  380.0 |
      Ice Cave |     80 |     80 |      0 |      0 |      0 |   1 |   80.0 |
               +--------+--------+--------+--------+--------+-----+--------+

Top non-repeatable levels by time:
    D:11: 1273 daAuts
     D:8: 1055 daAuts
    D:10: 1042 daAuts
     D:6: 859 daAuts
     D:4: 852 daAuts
     D:3: 820 daAuts
     D:9: 797 daAuts
     D:5: 727 daAuts
     D:2: 696 daAuts
    D:12: 686 daAuts
     D:1: 656 daAuts
     D:7: 514 daAuts
   Sewer: 380 daAuts
   IceCv: 80 daAuts
  Lair:1: 40 daAuts
